 Dungeon Crawl Stone Soup version 0.29-a0-878-g7b45a56547 (webtiles) character file.

Game seed: 2228980342069343099

97 LynnLen the Sneak (level 4, 0/25 HPs)
             Began as a Vampire Enchanter on July 19, 2022.
             Slain by a hobgoblin
             ... wielding a +0 quarterstaff
              (8 damage)
             ... on level 2 of the Dungeon on July 20, 2022.
             The game lasted 00:05:08 (2279 turns).

LynnLen the Sneak (Vampire Enchanter)               Turns: 2279, Time: 00:05:08

Health: 0/25       AC:  3    Str:  7    XL:     4   Next: 42%
Magic:  7/7        EV: 11    Int: 17    God:
Gold:   78         SH:  3    Dex: 16    Spells: 1/7 levels left

rFire   . . .      SeeInvis +   a - +2 dagger
rCold   + + .      Faith    .   h - +0 buckler
rNeg    + + +      Spirit   .   g - +0 leather armour
rPois   ∞          Reflect  .   (no helmet)
rElec   .          Harm     .   (no cloak)
rCorr   .          Rampage  .   (no gloves)
Will    .....                   (no boots)
Stlth   +++++.....              (no amulet)
HPRegen 0.00/turn               (no ring)
MPRegen 0.10/turn               (no ring)

@: bloodless, inhibited regen
A: bloodless, fangs 3, see invisible, vampiric 2
a: Bat Form, Revivify


You were on level 2 of the Dungeon.
You visited 1 branch of the dungeon, and saw 2 of its levels.

You collected 78 gold pieces.

Inventory:

Hand Weapons
 a - a +2 dagger (weapon)
Missiles
 k - 3 boomerangs (quivered)
Armour
 g - a +0 leather armour (worn)
 h - a +0 buckler (worn)
Scrolls
 e - 2 scrolls of fog
 j - a scroll of torment {unknown}
 m - a scroll of noise {unknown}
 n - a scroll of enchant armour {unknown}
Potions
 b - a potion of berserk rage {unknown}
 c - 2 potions of invisibility
 d - a potion of degeneration {unknown}
 f - a potion of ambrosia {unknown}
 i - a potion of attraction {unknown}
 l - a potion of curing {unknown}


   Skills:
 * Level 1.4 Fighting
 * Level 2.8 Short Blades
 + Level 2.8 Dodging
 + Level 5.8 Stealth
 - Level 2.0 Spellcasting
 - Level 4.4 Hexes


You had one spell level left.
You knew the following spells:

 Your Spells              Type           Power      Damage    Failure   Level
a - Confusing Touch       Hex            16%        N/A       21%         3
b - Tukima's Dance        Hex            16%        N/A       21%         3

Your spell library contained the following spells:

 Spells                   Type           Power      Damage    Failure   Level
 Ensorcelled Hibernation  Hex/Ice        18%        N/A       24%         2
 Dazzling Flash           Conj/Hex       18%        N/A       43%         3
 Stone Arrow              Conj/Erth      2%         3d7       75%         3
 Animate Armour           Summ/Erth      2%         N/A       98%         4
 Lehudib's Crystal Spear  Conj/Erth      0%         10d2      100%        8


Dungeon Overview and Level Annotations

Branches:
Dungeon (2/15)

Altars:


Innate Abilities, Weirdness & Mutations

You do not regenerate when monsters are visible.
You are frail without blood (-20% HP).
You can heal yourself when you bite living creatures.
You are immune to poison.
You have razor-sharp teeth.
You have supernaturally acute eyesight. (SInv)
You are afflicted with vampirism and can become a bat while bloodless.


Message History

The bat misses you.
You see here a +0 flail.
The bat closely misses you. The bat hits you.
You see here a +0 flail.
You hit the bat.
The bat is moderately wounded.
The bat barely misses you. The bat hits you but does no damage. x2
You hit the bat. Your bite misses the bat.
The bat is severely wounded.
You block the bat's attack. The bat hits you but does no damage.
Things that are here:
a +0 halberd; a gnoll corpse The goblin shouts!
You hit the bat.
You kill the bat!
You hear a shout!
You see here a bat corpse.
A hobgoblin comes into view. It is wielding a +0 quarterstaff.
The goblin barely misses you.
You closely miss the goblin. You bite the goblin.
You kill the goblin!
Things that are here:
a +0 dagger; a green potion; a goblin corpse You hit the hobgoblin but do no damage.
The hobgoblin hits you with a +0 quarterstaff!
You closely miss the hobgoblin. You hit the hobgoblin.
The hobgoblin is moderately wounded.
You block the hobgoblin's attack.
You closely miss the hobgoblin.
The hobgoblin is moderately wounded.
The hobgoblin closely misses you.
You closely miss the hobgoblin.
The hobgoblin is moderately wounded.
The hobgoblin hits you with a +0 quarterstaff.
You barely miss the hobgoblin.
The hobgoblin is moderately wounded.
The hobgoblin hits you with a +0 quarterstaff!
You die...

....######.#####..####.
.##..# #..# #...#
.###.# ##.. #.#......
..##..# #. #.####...
....#. #.###.## ..
.......# #..##..## .
....
..#.#...#####..†#..#
....###
..#.##.....))†.).#.##
......
....##...)#####.@g..# #
#.... ....#####.
##....# #.#.... ....###
#. #.......####.#....
......# #.
..................
###...# ##
#.(.........#.....
......# #..#..##.
#....... ..)...#####
..##..# ..##...[.
#.....†...#### ### ...
#........
......###....#.#
#...>..#.


You could see a hobgoblin.

Vanquished Creatures
  3 gnolls (D:2)
  2 adders (D:2)
  A worm (D:2)
  3 dart slugs
  5 bats
  3 endoplasms
  3 giant cockroaches
  2 goblins (D:2)
  7 hobgoblins
  3 quokkas
  A ball python (D:1)
  A frilled lizard (D:1)
  6 kobolds
  A rat (D:2)
41 creatures vanquished.

Vanquished Creatures (others)
  A kobold (D:1)
1 creature vanquished.

Grand Total: 42 creatures vanquished

Notes
Turn   | Place    | Note
-------+----------+-------------------------------------------
     0 | D:1      | LynnLen the Vampire Enchanter began the quest for the Orb.
     0 | D:1      | Reached XP level 1. HP: 13/13 MP: 3/3
   550 | D:1      | Reached XP level 2. HP: 16/16 MP: 5/5
   662 | D:1      | Reached skill level 5 in Stealth
  1505 | D:2      | Reached skill level 1 in Fighting
  1505 | D:2      | Gained mutation: You are afflicted with vampirism and can
                  | become a bat while bloodless. [Vampire growth]
  1505 | D:2      | Reached XP level 3. HP: 16/20 MP: 6/6
  1984 | D:2      | Found a faded altar of an unknown god.
  2239 | D:2      | Reached XP level 4. HP: 25/25 MP: 7/7
  2246 | D:2      | Learned a level 3 spell: Confusing Touch
  2250 | D:2      | Learned a level 3 spell: Tukima's Dance
  2279 | D:2      | Slain by a hobgoblin

Illustrated notes

Levels and vault maps discovered:
D:1:      dpeg_arrival_circle_labyrinth_c, layout_basic,
          chequers_serial_rivers_micro_d
D:2:      layout_rooms, hellmonk_ecumenical_altar_lost_god

Skill      XL: |  1  2 |
---------------+-------+-----
Stealth        | 5 |  5.8
Fighting       | 1 |  1.4
Short Blades   | 2 |  2.8
Dodging        | |  2.8
Spellcasting   | |  2.0
Hexes          | |  4.4

Action                   |  1- 3 |  4- 6 || total
-------------------------+-------+-------++-------
Melee: Dagger            |    94 |    12 ||   106
       Bite              |    10 |     1 ||    11
 Abil: Exsanguinate      |     1 |       ||     1
  Use: Potion            |     1 |       ||     1
       Scroll            |     2 |       ||     2
 Stab: Sleeping          |    13 |     1 ||    14
       Distracted        |       |     1 ||     1
Armor: Robe              |     3 |       ||     3
       Leather armour    |    39 |     5 ||    44
Dodge: Dodged            |    66 |     7 ||    73
Block: Buckler           |     2 |     2 ||     4

Table legend: (Time is in decaauts)
 A = Elapsed time spent in this place.
 B = Non-inter-level travel time spent in this place.
 C = Inter-level travel time spent in this place.
 D = Time resting spent in this place.
 E = Time spent auto-exploring this place.
 F = Levels seen in this place.
 G = Mean time per level.
                   A        B        C        D        E       F      G
               +--------+--------+--------+--------+--------+-----+--------+
         Total |   2272 |   2272 |      0 |    644 |    848 |   2 | 1136.0 |
       Dungeon |   2272 |   2272 |      0 |    644 |    848 |   2 | 1136.0 |
               +--------+--------+--------+--------+--------+-----+--------+

Top non-repeatable levels by time:
     D:1: 1665 daAuts
     D:2: 607 daAuts
